Selects Airborne Battlegroup
Selects Heavy Machine Gun Paradrop
Heavy Machine Gun Paradrop
Heavy Machine Gun Paradrop
Mechanized Support Center
Construct Weapon Support Center
M3 Armored Personnel Carrier
Designate Forward Repair Station
M3 Armored Personnel Carrier
Construct Medical Station
Heavy Machine Gun Paradrop
M3 Armored Personnel Carrier
Selects Paratrooper Squad Paradrop
Selects Anti-tank Gun Team Paradrop
Paratrooper Squad Paradrop
Anti-tank Gun Team Paradrop
Paratrooper Squad Paradrop